 Dungeon Crawl Stone Soup version 0.30-a0-242-g7bf8e6d787 (webtiles) character file.

Game seed: 6700291117150083478

117 porpoise the Shooter (level 4, 0/24 HPs)
             Began as a Deep Elf Hexslinger on Oct 12, 2022.
             Constricted to death by Robin (7 damage)
             ... on level 3 of the Dungeon.
             The game lasted 00:11:12 (2771 turns).

porpoise the Shooter (Deep Elf Hexslinger)          Turns: 2771, Time: 00:11:13

Health: 0/24       AC:  6    Str:  7    XL:     4   Next: 71%
Magic:  10/12      EV: 10    Int: 18    God:
Gold:   75         SH:  0    Dex: 17    Spells: 4/11 levels left

rFire   . . .      SeeInvis .    b - +0 rapier
rCold   . . .      Faith    .    (no shield)
rNeg    . . .      Spirit   .    c - +0 robe
rPois   .          Reflect  .    (no helmet)
rElec   .          Harm     .    (no cloak)
rCorr   .          Rampage  .    (no gloves)
Will    .....                    (no boots)
Stlth   ++........               (no amulet)
HPRegen 0.24/turn                e - +4 ring of protection
MPRegen 0.13/turn                (no ring)

@: grasped by roots, hasted, constricted, very quick
A: no striking features
a: no special abilities


You were on level 3 of the Dungeon.
You visited 1 branch of the dungeon, and saw 3 of its levels.

You collected 75 gold pieces.

Inventory:

Hand Weapons
 a - a +2 sling
 b - a +0 rapier (weapon)
 g - a +0 trident
 r - a +0 long sword
 s - a +0 short sword
Missiles
 q - 4 boomerangs (quivered)
Armour
 c - a +0 robe (worn)
 p - a +0 buckler
Jewellery
 e - a +4 ring of protection (left hand)
 j - a ring of ice
Scrolls
 f - a scroll of poison
 o - 3 scrolls of fear
Potions
 h - a potion of magic
 i - a potion of flight {unknown}
 k - 2 potions of mutation
 l - a potion of cancellation {unknown}
 m - a potion of attraction {unknown}
 n - 4 potions of curing
 t - a potion of ambrosia {unknown}


   Skills:
 - Level 0.7 Fighting
 * Level 4.8 Ranged Weapons
 - Level 2.4 Dodging
 + Level 4.2 Spellcasting
 + Level 4.5 Hexes


You had 4 spell levels left.
You knew the following spells:

 Your Spells              Type           Power      Damage    Failure   Level
a - Slow                  Hex            76%        N/A       2%          1
b - Inner Flame           Hex/Fire       11%        N/A       17%         3
p - Portal Projectile     Hex/Tloc       22%        N/A       17%         3

Your spell library contained the following spells:

 Spells                   Type           Power      Damage    Failure   Level
 Beastly Appendage        Tmut           6%         N/A       14%         1
 Wereblood                Tmut           3%         N/A       22%         2
 Cause Fear               Hex            9%         N/A       22%         4
 Spider Form              Tmut/Pois      3%         N/A       41%         3
 Leda's Liquefaction      Hex/Erth       5%         N/A       50%         4
 Animate Dead             Necr           3%         N/A       82%         4
 Lee's Rapid Deconstruct  Erth           1%         3d5*      99%         5
 Statue Form              Tmut/Erth      2%         N/A       100%        6
 Haunt                    Necr/Summ      1%         N/A       100%        7
 Infestation              Necr           1%         N/A       100%        8


Dungeon Overview and Level Annotations

Branches:
Dungeon (3/15)

Altars:
Fedhas
Okawaru
The Shining One

Shops:
D:3 ?!

Annotations:
D:3 Robin


Message History

You shoot a sling bullet.
The sling bullet closely misses the goblin.
The sling bullet hits Robin.
Robin is heavily wounded.
The goblin barely misses you. The goblin hits you but does no damage.
The goblin closely misses you. The goblin completely misses you.
The goblin misses you.
You feel yourself speed up. The goblin hits you with a +0 club. x2
You shoot a sling bullet. The sling bullet hits the goblin.
You kill the goblin!
You shoot a sling bullet. The sling bullet hits the goblin.
You kill the goblin!
The goblin hits you with a +0 club.
You are too injured to fight recklessly!
Unknown command.
Casting: Slow (safe; 2% risk of failure)
Confirm with . or Enter, or press ? or * to list all spells.
Aiming: Slow (safe; 2% risk of failure)
Press: ? - help, Shift-Dir - straight line, f - Robin
Aim: Robin, wielding a +0 whip, wearing a +0 animal skin, wearing a +0 helmet and carrying a wand of roots (10) (heavily wounded, chance to affect: 61%) Robin seems to slow down.
The goblin hits you with a +0 club.
* * * LOW HITPOINT WARNING * * *
Robin hits you but does no damage.
You are too injured to fight recklessly!
Fire: a) +2 sling
Press: ? - help, Q - select action, (/) - cycle Shift-Dir - straight line, f/p - Robin
Aim: Robin, wielding a +0 whip, wearing a +0 animal skin, wearing a +0 helmet and carrying a wand of roots (10) (heavily wounded, slow, 69% to hit)
You shoot a sling bullet. The sling bullet closely misses Robin.
The sling bullet barely misses the hobgoblin.
The sling bullet hits the goblin!
You kill the goblin!
b - a +0 rapier (weapon)
The goblin hits you but does no damage.
You hit Robin.
Robin is heavily wounded.
Robin zaps a wand.
The roots erupt in riotous growth!
The grasping roots grab you!
The goblin is unaffected.
Robin is unaffected.
The grasping roots constrict you!
You die...

#...............
##########......
#############..#...
#..............#...
#.############.....
#.# #..##. #.#
#..##. #)#####
#..##.


#g@ggg# #..##. #####.# ...#.. ## #.. #.. #.# #.# #.# #.# #.. You could see Robin
(slow), a hobgoblin (strong) and 2 goblins.

Vanquished Creatures
  4 adders (D:2)
  A worm (D:3)
  3 dart slugs
  8 bats
  7 endoplasms
  A giant cockroach (D:2)
  7 goblins
  10 hobgoblins
  3 kobolds
  A quokka (D:2)
  10 ball pythons
  4 frilled lizards
  14 rats
73 creatures vanquished.

Notes
Turn   | Place    | Note
-------+----------+-------------------------------------------
     0 | D:1      | porpoise the Deep Elf Hexslinger began the quest for the
                  | Orb.
     0 | D:1      | Reached XP level 1. HP: 11/11 MP: 5/5
   185 | D:1      | Reached XP level 2. HP: 11/16 MP: 4/7
   463 | D:1      | You fall into a shaft and drop 1 floor!
   592 | D:2      | Reached XP level 3. HP: 12/20 MP: 7/9
  1147 | D:1      | Learned a level 3 spell: Inner Flame
  1151 | D:1      | Learned a level 3 spell: Portal Projectile
  1756 | D:2      | Reached XP level 4. HP: 21/24 MP: 11/11
  2341 | D:3      | Found Wiewoheb's Magic Scroll Boutique.
  2357 | D:3      | Found Qaej's Distillery.
  2434 | D:3      | Found a glowing golden altar of the Shining One.
  2435 | D:3      | Found a blossoming altar of Fedhas.
  2437 | D:3      | Found an iron altar of Okawaru.
  2756 | D:3      | Noticed Robin
  2771 | D:3      | Constricted to death by Robin

Illustrated notes

Levels and vault maps discovered:
D:1:      nagdon_arrival_zigzag_paths, layout_basic,
          chequers_serial_rivers_micro_b
D:2:      layout_loops_ring, amcnicky_mini_pool_small, grunt_ministairs_7,
          minmay_rat_gold_closets
D:3:      layout_loops_ring, chequers_temple_overflow_statue_of_worship,
          gup_sewer_entry_glass, serial_shops, shop, nicolae_square_shop,
          shop_statue, minmay_misc_feat_x, uniq_robin

Skill      XL: |  1  2  3  4 |
---------------+-------------+-----
Ranged Weapons | 3 4 |  4.8
Spellcasting   | 2 3 4 |  4.2
Fighting       | |  0.7
Dodging        | |  2.4
Hexes          | |  4.5

Action                   |  1- 3 |  4- 6 || total
-------------------------+-------+-------++-------
Melee: Short sword       |    71 |    24 ||    95
       Rapier            |       |     1 ||     1
 Fire: Sling             |    77 |    64 ||   141
 Cast: Slow              |    36 |    11 ||    47
  Use: Scroll            |       |    10 ||    10
       Potion            |       |     1 ||     1
 Stab: Sleeping          |     1 |     6 ||     7
Armor: Robe              |    21 |    18 ||    39
Dodge: Dodged            |    79 |    47 ||   126

Table legend: (Time is in decaauts)
 A = Elapsed time spent in this place.
 B = Non-inter-level travel time spent in this place.
 C = Inter-level travel time spent in this place.
 D = Time resting spent in this place.
 E = Time spent auto-exploring this place.
 F = Levels seen in this place.
 G = Mean time per level.
                   A        B        C        D        E       F      G
               +--------+--------+--------+--------+--------+-----+--------+
         Total |   2777 |   2701 |     76 |    461 |   1544 |   3 |  925.7 |
       Dungeon |   2777 |   2701 |     76 |    461 |   1544 |   3 |  925.7 |
               +--------+--------+--------+--------+--------+-----+--------+

Top non-repeatable levels by time:
     D:1: 1254 daAuts
     D:2: 1031 daAuts
     D:3: 492 daAuts
